 Dungeon Crawl Stone Soup version 0.20.1-1-g8b1a95d (webtiles) character file.

110 dohliylev the Covert (level 4, -2/33 HPs)
             Began as a Vampire Assassin on Dec 3, 2017.
             Slain by a gnoll (6 damage)
             ... on level 2 of the Dungeon.
             The game lasted 00:04:47 (1379 turns).

dohliylev the Covert (Vampire Assassin)             Turns: 1379, Time: 00:04:48

Health: -2/33      AC:  3    Str: 10    XL:     4   Next: 61%
Magic:  4/4        EV: 13    Int: 11    God:
Gold:   73         SH:  0    Dex: 16    Spells: 3/3 levels left

rFire    . . .     SeeInvis +   a - +2 dagger
rCold    . . .     Gourm    .   (no shield)
rNeg     . . .     Faith    .   c - +0 robe
rPois    .         Spirit   .   (no helmet)
rElec    .         Reflect  .   q - +0 cloak (curse)
rCorr    .         Harm     .   (no gloves)
MR       .....                  (no boots)
Stlth    ++++......             (no amulet)
Regen    0.4/turn               j - -2 ring of intelligence (curse)
MPRegen  0.1/turn               (no ring)

@: regenerating quickly
A: fangs 3, see invisible, unbreathing
a: no special abilities


You were on level 2 of the Dungeon.
You were almost alive.

You visited 1 branch of the dungeon, and saw 2 of its levels.

You collected 73 gold pieces.

Inventory:

Hand Weapons
 a - a +2 dagger (weapon)
 b - a +0 blowgun
Missiles
 e - 7 poisoned needles
 f - 2 curare-tipped needles
Armour
 c - a +0 robe (worn)
 q - a cursed +0 cloak (worn)
Jewellery
 j - a cursed -2 ring of intelligence (left hand)
 r - an uncursed ring of wizardry {unknown}
Scrolls
 d - 2 scrolls of identify {unknown}
 h - 4 scrolls of teleportation {unknown}
 l - a scroll of immolation {unknown}
 n - a scroll of noise {unknown}
 p - 4 scrolls of remove curse {unknown}
 s - a scroll of amnesia {unknown}
Potions
 g - 4 potions of blood
 i - a potion of might {unknown}
 k - a potion of mutation {unknown}
 m - a potion of resistance {unknown}
 o - a potion of flight {unknown}


   Skills:
 - Level 1.7 Fighting
 + Level 3.0 Short Blades
 - Level 1.5 Throwing
 + Level 2.2 Dodging
 - Level 8.1 Stealth


You had 3 spell levels left.
You didn't know any spells.

Dungeon Overview and Level Annotations

Branches:
Dungeon (2/15)

Altars:
The Shining One


Innate Abilities, Weirdness & Mutations

Your natural rate of healing is unusually fast.
You have razor-sharp teeth.
You have supernaturally acute eyesight. (SInv)
You can survive without breathing.


Message History

You hit the rat.
The rat is severely wounded.
You hit the rat.
You kill the rat!
The gnoll shouts!
The gnoll hits you.
You closely miss the gnoll. The gnoll barely misses you.
The gnoll hits you but does no damage.
You barely miss the gnoll.
The gnoll hits you from afar with a spear!
The gnoll hits you.
You barely miss the gnoll. You bite the gnoll.
The gnoll is lightly wounded.
The gnoll barely misses you. The gnoll hits you.
You barely miss the gnoll.
The gnoll is lightly wounded.
The gnoll hits you from afar with a spear!
* * * LOW HITPOINT WARNING * * *
The gnoll hits you.
You die...

#..## #..##.#
##..## ##....###
##..##### ##.....#
##.....#####.##.#
#####.....#.# #
#####..)#
######..#
#........#######.#
..>.......@.......
##.####.(..g.?...#
# .........g.....
..###...........
#..?......##
...........#
.$..........#
....##########
####


You could see 2 gnolls.

Vanquished Creatures
  5 gnolls
  2 adders
  An ooze (D:1)
  2 worms (D:2)
  A dart slug (D:2)
  A leopard gecko (D:2)
  A ball python (D:2)
  5 bats
  4 goblins
  A hobgoblin (D:1)
  3 frilled lizards (D:1)
  5 kobolds
  4 rats
35 creatures vanquished.

Notes
Turn   | Place    | Note
-------+----------+-------------------------------------------
     0 | D:1      | dohliylev the Vampire Assassin began the quest for the Orb.
     0 | D:1      | Reached XP level 1. HP: 16/16 MP: 1/1
    48 | D:1      | Reached skill level 6 in Stealth
   222 | D:1      | Reached XP level 2. HP: 22/22 MP: 2/2
   512 | D:1      | Reached skill level 7 in Stealth
   622 | D:1      | Found a glowing golden altar of the Shining One.
   891 | D:2      | Reached XP level 3. HP: 27/27 MP: 3/3
   920 | D:1      | Reached skill level 8 in Stealth
  1123 | D:1      | Reached XP level 4. HP: 22/33 MP: 4/4
  1379 | D:2      | Slain by a gnoll

Skill      XL: |  1  2  3  4 |
---------------+-------------+-----
Stealth        | 6 7 8 |  8.1
Dodging        | 2 |  2.2
Short Blades   | 3 |  3.0
Fighting       | |  1.7
Throwing       | |  1.5

Action                   |  1- 3 |  4- 6 || total
-------------------------+-------+-------++-------
Melee: Dagger            |    69 |    35 ||   104
       Bite              |     8 |     8 ||    16
 Fire: Blowgun           |     9 |       ||     9
  Use: Potion            |       |     3 ||     3
 Stab: Sleeping          |    11 |     1 ||    12
  Eat: Corpse            |     7 |     2 ||     9
Armor: Robe              |    14 |     4 ||    18
Dodge: Dodged            |    44 |    19 ||    63
